BSA
SEATTLE PIKES @ KANSAS CITY KINGS
04/30/2030
 
TOP OF THE 1ST
Seattle Pikes batting - Pitching for Kansas City Kings : LHP Osvaldo Cruz
Pitching: LHP Osvaldo Cruz
Batting: LHB Roberto Lozano 0-0: Ball
1-0: Fly out, F7 (Flyball, 7LDF)
Batting: RHB Pete Rideout 0-0: Ball
1-0: SINGLE (Groundball, 56D)
Batting: RHB Randy Sheppard 0-0: Ball
1-0: Ball
2-0: Foul Ball, location: 2F
2-1: SINGLE (Flyball, 9LS)
Pete Rideout to second
Runner from 2nd tries for 3rd, SAFE, no throw
Batting: RHB Murai Ishihara 0-0: Called Strike
0-1: Ball
1-1: Foul Ball, location: 2F
1-2: Strikes out swinging
Batting: LHB Richard Hunter 0-0: Called Strike
0-1: Swinging Strike
0-2: Fly out, F7 (Flyball, 7LMF)
Top of the 1st over - 0 runs, 2 hits, 0 errors, 2 left on base; Seattle 0 - Kansas City 0
BOTTOM OF THE 1ST
Kansas City Kings batting - Pitching for Seattle Pikes : LHP Jesús Martínez
Pitching: LHP Jesús Martínez
Batting: RHB Dennis Garner 0-0: Ground out 4-3 (Groundball, 4)
Batting: RHB Dave Parker 0-0: Called Strike
0-1: Ball
1-1: Ball
2-1: SOLO HOME RUN (Flyball, 9LD), Distance : 362 ft
Batting: RHB Chris Chandler 0-0: Ball
1-0: Foul Ball, location: 2F
1-1: SINGLE (Groundball, 6MD)
Batting: RHB Toshimichi Kono 0-0: Ball
Chris Chandler is caught stealing 2nd base
1-0: Ground out 5-3 (Groundball, 56S)
Bottom of the 1st over - 1 run, 2 hits, 0 errors, 0 left on base; Seattle 0 - Kansas City 1
TOP OF THE 2ND
Seattle Pikes batting - Pitching for Kansas City Kings : LHP Osvaldo Cruz
Batting: SHB António Hernández 0-0: SINGLE (Groundball, 34D)
Batting: RHB Robert Johnson 0-0: Foul Ball, location: 2F
0-1: Ball
1-1: Called Strike
1-2: Foul Ball, location: 2F
1-2: Foul Ball, location: 2F
1-2: Fly out, F9 (Flyball, 9)
Batting: RHB António López 0-0: SINGLE (Groundball, 4MD)
António Hernández to second
Runner from 2nd tries for 3rd, SAFE, no throw
Batting: SHB Richard Bowman 0-0: Ball
1-0: Ball
2-0: Fly out, F6 (Popup, 6)
Batting: LHB Roberto Lozano 0-0: Foul Ball, location: 2F
0-1: Ball
1-1: Called Strike
1-2: Strikes out swinging
Top of the 2nd over - 0 runs, 2 hits, 0 errors, 2 left on base; Seattle 0 - Kansas City 1
BOTTOM OF THE 2ND
Kansas City Kings batting - Pitching for Seattle Pikes : LHP Jesús Martínez
Batting: RHB Eric Fuller 0-0: Called Strike
0-1: Fly out, F8 (Flyball, 8RXD)
Batting: RHB Rafael Carreón 0-0: Fly out, F9 (Flyball, 9LM)
Batting: RHB Gregg Nelson 0-0: Ball
1-0: Called Strike
1-1: Foul Ball, location: 2F
1-2: Foul Ball, location: 2F
1-2: Foul Ball, location: 2F
1-2: Ball
2-2: Ground out 5-3 (Groundball, 56)
Bottom of the 2nd over - 0 runs, 0 hits, 0 errors, 0 left on base; Seattle 0 - Kansas City 1
TOP OF THE 3RD
Seattle Pikes batting - Pitching for Kansas City Kings : LHP Osvaldo Cruz
Batting: RHB Pete Rideout 0-0: Ball
1-0: Ground out 5-3 (Groundball, 56)
Batting: RHB Randy Sheppard 0-0: Ball
1-0: Ball
2-0: Called Strike
2-1: Ball
3-1: Foul Ball, location: 2F
3-2: Base on Balls
Batting: RHB Murai Ishihara 0-0: Called Strike
0-1: SINGLE (Groundball, 3D)
Randy Sheppard to second
Runner from 2nd tries for 3rd, SAFE, no throw
Batting: LHB Richard Hunter 0-0: Called Strike
0-1: Swinging Strike
0-2: Ball
1-2: Ball
2-2: Foul Ball, location: 2F
2-2: Strikes out swinging
Batting: SHB António Hernández 0-0: Ball
Murai Ishihara steals 2nd base
1-0: Fly out, F9 (Flyball, 9S)
Top of the 3rd over - 0 runs, 1 hit, 0 errors, 2 left on base; Seattle 0 - Kansas City 1
BOTTOM OF THE 3RD
Kansas City Kings batting - Pitching for Seattle Pikes : LHP Jesús Martínez
Batting: LHB Ron Crawford 0-0: Ball
1-0: Swinging Strike
1-1: Ball
2-1: Foul Ball, location: 2F
2-2: Foul Ball, location: 2F
2-2: SOLO HOME RUN (Line Drive, 9D), Distance : 387 ft
Batting: RHB Dave Anderson 0-0: Ball
1-0: Called Strike
1-1: Fly out, F5 (Line Drive, 56)
Batting: RHB Dennis Garner 0-0: Ball
1-0: Ball
2-0: Ball
3-0: Base on Balls
Batting: RHB Dave Parker 0-0: Called Strike
0-1: Ball
1-1: Ball
2-1: Foul Ball, location: 2F
2-2: Grounds into double play, 6-4-3 (Groundball, 6)
Bottom of the 3rd over - 1 run, 1 hit, 0 errors, 0 left on base; Seattle 0 - Kansas City 2
TOP OF THE 4TH
Seattle Pikes batting - Pitching for Kansas City Kings : LHP Osvaldo Cruz
Batting: RHB Robert Johnson 0-0: Called Strike
0-1: DOUBLE (Line Drive, 7LM)
Batting: RHB António López 0-0: Called Strike
0-1: Swinging Strike
0-2: Ball
1-2: Strikes out swinging, 2-3 out at first.
Batting: SHB Richard Bowman 0-0: Swinging Strike
0-1: Called Strike
0-2: Ground out 1-3 (Groundball, 15S)
Batting: LHB Roberto Lozano 0-0: Ball
1-0: Foul Ball, location: 2F
1-1: Ball
2-1: Foul Ball, location: 2F
2-2: Ball
3-2: Base on Balls
Batting: RHB Pete Rideout 0-0: SINGLE (Groundball, 56D)
Robert Johnson to third
Roberto Lozano to second
Runner from 3rd tries for Home, SAFE, no throw
Batting: RHB Randy Sheppard 0-0: Foul Ball, location: 2F
0-1: Swinging Strike
0-2: Strikes out looking
Top of the 4th over - 1 run, 2 hits, 0 errors, 2 left on base; Seattle 1 - Kansas City 2
BOTTOM OF THE 4TH
Kansas City Kings batting - Pitching for Seattle Pikes : LHP Jesús Martínez
Batting: RHB Chris Chandler 0-0: Called Strike
0-1: Foul Ball, location: 2F
0-2: Ground out 4-3 (Groundball, 4)
Batting: RHB Toshimichi Kono 0-0: Called Strike
0-1: SOLO HOME RUN (Flyball, 7LD), Distance : 370 ft
Batting: RHB Eric Fuller 0-0: Foul Ball, location: 2F
0-1: Foul Ball, location: 2F
0-2: Ball
1-2: Ground out 4-3 (Groundball, 34D)
Batting: RHB Rafael Carreón 0-0: Foul Ball, location: 2F
0-1: Called Strike
0-2: Ball
1-2: Ball
2-2: SINGLE (Line Drive, 3D)
Batting: RHB Gregg Nelson 0-0: SINGLE (Line Drive, 8LS)
Rafael Carreón to second
Throwing error, E8
Rafael Carreón scores
Gregg Nelson to second
Batting: LHB Ron Crawford 0-0: Fly out, F8 (Flyball, 8RD)
Bottom of the 4th over - 2 runs, 3 hits, 1 error, 1 left on base; Seattle 1 - Kansas City 4
TOP OF THE 5TH
Seattle Pikes batting - Pitching for Kansas City Kings : LHP Osvaldo Cruz
Batting: RHB Murai Ishihara 0-0: Ball
1-0: Called Strike
1-1: Ground out 5-3 (Groundball, 56)
Batting: LHB Richard Hunter 0-0: Ball
1-0: Ball
2-0: Ball
3-0: Base on Balls
Batting: SHB António Hernández 0-0: SINGLE (Groundball, 34D)
Richard Hunter to second
Runner from 2nd tries for 3rd, SAFE, throw made to third
Batting: RHB Robert Johnson 0-0: Ball
1-0: Ball
2-0: Ball
3-0: Called Strike
3-1: Fly out, F8 (Flyball, 8RS)
Batting: RHB António López 0-0: Ball
1-0: Ball
2-0: Ball
3-0: Called Strike
3-1: Foul Ball, location: 2F
3-2: Ground out 5-3 (Groundball, 56)
Top of the 5th over - 0 runs, 1 hit, 0 errors, 2 left on base; Seattle 1 - Kansas City 4
BOTTOM OF THE 5TH
Kansas City Kings batting - Pitching for Seattle Pikes : LHP Jesús Martínez
Batting: RHB Dave Anderson 0-0: Ball
1-0: Ball
2-0: Swinging Strike
2-1: Ball
3-1: Called Strike
3-2: Strikes out swinging
Batting: RHB Dennis Garner 0-0: Ball
1-0: Called Strike
1-1: Ground out 4-3 (Groundball, 4)
Batting: RHB Dave Parker 0-0: Called Strike
0-1: Ball
1-1: Called Strike
1-2: Ground out 6-3 (Groundball, 6)
Bottom of the 5th over - 0 runs, 0 hits, 0 errors, 0 left on base; Seattle 1 - Kansas City 4
TOP OF THE 6TH
Seattle Pikes batting - Pitching for Kansas City Kings : LHP Osvaldo Cruz
Batting: SHB Richard Bowman 0-0: Reached via error on a dropped throw, E3
Batting: LHB Roberto Lozano 0-0: Ball
1-0: Swinging Strike
1-1: Ball
2-1: Foul Ball, location: 2F
2-2: SINGLE (Line Drive, 6)
Richard Bowman to second
Batting: RHB Pete Rideout 0-0: Ball
1-0: Called Strike
1-1: Fly out, F5 (Line Drive, 5)
Batting: RHB Randy Sheppard 0-0: Called Strike
0-1: Foul Ball, location: 2F
0-2: Ball
1-2: Strikes out swinging
Batting: RHB Murai Ishihara 0-0: Foul Ball, location: 2F
0-1: Ball
1-1: Ball
2-1: Foul Ball, location: 2F
2-2: Fielders Choice at 2nd, U6 (Groundball, 6M)
Top of the 6th over - 0 runs, 1 hit, 1 error, 2 left on base; Seattle 1 - Kansas City 4
BOTTOM OF THE 6TH
Kansas City Kings batting - Pitching for Seattle Pikes : LHP Jesús Martínez
Batting: RHB Chris Chandler 0-0: Ball
1-0: Foul Ball, location: 2F
1-1: Called Strike
1-2: Ball
2-2: Fly out, F8 (Flyball, 8LXD)
Batting: RHB Toshimichi Kono 0-0: DOUBLE (Line Drive, 9LM)
Pitching: LHP Marcos Benítez
Batting: RHB Eric Fuller 0-0: Foul Ball, location: 2F
0-1: Foul Ball, location: 2F
0-2: Ball
1-2: Ball
2-2: Foul Ball, location: 2F
2-2: Ground out 6-3 (Groundball, 6M)
Toshimichi Kono to third
Batting: RHB Rafael Carreón 0-0: Called Strike
0-1: Ball
1-1: Fly out, F9 (Flyball, 9S)
Bottom of the 6th over - 0 runs, 1 hit, 0 errors, 1 left on base; Seattle 1 - Kansas City 4
TOP OF THE 7TH
Seattle Pikes batting - Pitching for Kansas City Kings : LHP Osvaldo Cruz
Pitching: LHP Manuel Parra
Batting: LHB Richard Hunter 0-0: Ball
1-0: Swinging Strike
1-1: Called Strike
1-2: Foul Ball, location: 2F
1-2: Foul Ball, location: 2F
1-2: Ground out U3 (Groundball, 3L)
Batting: SHB António Hernández 0-0: Foul Ball, location: 2F
0-1: Ball
1-1: Ground out 3-1 (Groundball, 34)
Batting: RHB Robert Johnson 0-0: Ball
1-0: Called Strike
1-1: Fly out, F7 (Flyball, 78M)
Top of the 7th over - 0 runs, 0 hits, 0 errors, 0 left on base; Seattle 1 - Kansas City 4
BOTTOM OF THE 7TH
Kansas City Kings batting - Pitching for Seattle Pikes : LHP Marcos Benítez
Batting: RHB Gregg Nelson 0-0: Swinging Strike
0-1: Foul Ball, location: 2F
0-2: Ball
1-2: Foul Ball, location: 2F
1-2: Ball
2-2: Strikes out swinging
Batting: LHB Ron Crawford 0-0: Ball
1-0: Swinging Strike
1-1: Ball
2-1: Called Strike
2-2: Ball
3-2: Foul Ball, location: 2F
3-2: Ground out 5-3 (Groundball, 56)
Batting: RHB Dave Anderson 0-0: Called Strike
0-1: Swinging Strike
0-2: Reached via error on a dropped throw, E1
Batting: RHB Dennis Garner 0-0: Ball
1-0: Called Strike
1-1: Foul Ball, location: 2F
1-2: Ball
Dave Anderson steals 2nd base
2-2: Foul Ball, location: 2F
2-2: Fly out, F7 (Line Drive, 7)
Bottom of the 7th over - 0 runs, 0 hits, 1 error, 1 left on base; Seattle 1 - Kansas City 4
TOP OF THE 8TH
Seattle Pikes batting - Pitching for Kansas City Kings : LHP Manuel Parra
Batting: RHB António López 0-0: SINGLE (Line Drive, 8RS)
Batting: SHB Richard Bowman 0-0: Ball
1-0: Called Strike
1-1: Ball
2-1: Swinging Strike
2-2: Foul Ball, location: 2F
2-2: Ground out 4-3 (Groundball, 34)
António López to second
Batting: LHB Roberto Lozano 0-0: Ground out 6-3 (Groundball, 6)
António López to third
Batting: RHB Pete Rideout 0-0: Ball
1-0: Ball
2-0: Fly out, F7 (Flyball, 7S)
Top of the 8th over - 0 runs, 1 hit, 0 errors, 1 left on base; Seattle 1 - Kansas City 4
BOTTOM OF THE 8TH
Kansas City Kings batting - Pitching for Seattle Pikes : LHP Marcos Benítez
Batting: RHB Dave Parker 0-0: Fly out, F7 (Flyball, 78S)
Batting: RHB Chris Chandler 0-0: Foul Ball, location: 2F
0-1: Foul Ball, location: 2F
0-2: Reached on error, E6 (Groundball, 6)
Batting: RHB Toshimichi Kono 0-0: Intentional Walk
Batting: RHB Eric Fuller 0-0: Called Strike
0-1: SINGLE (Groundball, 6D)
Chris Chandler to third
Toshimichi Kono to second
Runner from 3rd tries for Home, SAFE, no throw
Batting: RHB Rafael Carreón 0-0: Called Strike
0-1: Swinging Strike
0-2: Ball
1-2: Foul Ball, location: 2F
1-2: Ball
2-2: DOUBLE (Flyball, 89XD)
Toshimichi Kono scores
Eric Fuller to third
Batting: RHB Gregg Nelson 0-0: Intentional Walk
Batting: LHB Ron Crawford 0-0: Ball
1-0: Ball
2-0: Called Strike
2-1: Ball
3-1: Called Strike
3-2: Foul Ball, location: 2F
3-2: Foul Ball, location: 2F
3-2: SINGLE (Groundball, 6) (infield hit)
Eric Fuller scores
Rafael Carreón to third
Gregg Nelson to second
Batting: RHB Dave Anderson 0-0: Called Strike
0-1: Ball
1-1: Ball
2-1: Called Strike
2-2: Ball
3-2: Fly out, F4 (Popup, 3D)
Batting: RHB Dennis Garner 0-0: Fly out, F8 (Flyball, 8RS)
Bottom of the 8th over - 3 runs, 3 hits, 1 error, 3 left on base; Seattle 1 - Kansas City 7
TOP OF THE 9TH
Seattle Pikes batting - Pitching for Kansas City Kings : LHP Manuel Parra
Now in LF: Jesús Bueno
Batting: RHB Randy Sheppard 0-0: Called Strike
0-1: Fly out, F4 (Popup, 4)
Batting: RHB Murai Ishihara 0-0: Ball
1-0: Ball
2-0: Called Strike
2-1: Swinging Strike
2-2: Ground out U3 (Groundball, 3)
Batting: LHB Richard Hunter 0-0: Ball
1-0: Swinging Strike
1-1: Ball
2-1: Ground out 1-3 (Groundball, P)
Top of the 9th over - 0 runs, 0 hits, 0 errors, 0 left on base; Seattle 1 - Kansas City 7
Saturday, April 7th, 2018 - OOTP Baseball 18.8 Build 76